 Dungeon Crawl Stone Soup version 0.32-a0-931-g5a2cda0630 (webtiles) character file.

Game seed: 7828896042959948176

1000 Meejax the Ruffian (level 8, -5/56 HPs)
             Began as a Demonspawn Gladiator on Apr 13, 2024.
             Was an Initiate of Sif Muna.
             Slain by a two-headed ogre
             ... wielding a +0 giant club
              (23 damage)
             ... on level 4 of the Dungeon.
             The game lasted 00:08:05 (3368 turns).

Meejax the Ruffian (Demonspawn Gladiator)           Turns: 3368, Time: 00:08:05

Health: -5/56      AC: 12    Str: 17    XL:     8   Next: 0%
Magic:  8/8        EV: 12    Int: 18    God:    Sif Muna [......]
Gold:   372        SH:  9    Dex: 13    Spells: 7/7 levels left

rFire   . .          .
                       - Unarmed
rCold   . . .        (no shield)
rNeg    . . .        a - +0 leather armour
rPois   .            b - +0 helmet
rElec   .            (no cloak)
rCorr   .            t - +0 pair of gloves
SInv    .            (no boots)
Will    .....        f - amulet of reflection
Stlth   +            x - +6 ring of intelligence
HPRegen 0.29/turn    (no ring)
MPRegen 0.11/turn

%: reflection
@: no status effects
A: icy blue scales 2, icemail 1, condensation shield, demonic magic 1, clever 1
a: Renounce Religion


You were on level 4 of the Dungeon.
You worshipped Sif Muna.
Sif Muna was noncommittal.
You visited 2 branches of the dungeon, and saw 5 of its levels.

You collected 372 gold pieces.

Inventory:

Missiles
 c - a throwing net (quivered)
 d - a javelin
Armour
 a - a +0 leather armour (worn)
 b - a +0 helmet (worn)
 t - a +0 pair of gloves (worn)
Jewellery
 f - an amulet of reflection (around neck)
 q - an amulet of the acrobat
 x - a +6 ring of intelligence (left hand)
Wands
 y - a wand of mindburst (22)
Scrolls
 g - 3 scrolls of poison
 h - 2 scrolls of immolation
 j - a scroll of summoning {unknown}
 l - a scroll of blinking {unknown}
 o - a scroll of identify
 p - a scroll of amnesia {unknown}
 v - a scroll of noise {unknown}
 w - a scroll of fog {unknown}
Potions
 e - 2 potions of attraction
 i - a potion of lignification
 k - a potion of berserk rage
 m - a potion of might
 n - a potion of curing
 r - 3 potions of degeneration
 s - a potion of brilliance {unknown}
 u - 2 potions of heal wounds


   Skills:
 + Level 2.0 Fighting
 + Level 1.8 Throwing
 + Level 2.8 Armour
 + Level 4.0 Dodging
 + Level 1.3 Stealth
 + Level 2.5 Shields
 * Level 6.9 Unarmed Combat


You had 7 spell levels left.
You didn't know any spells.
Your spell library was empty.

Dungeon Overview and Level Annotations

Branches:
Dungeon (4/15)             Temple (1/1) D:4

Altars:
Ashenzari
Cheibriados
Fedhas
Gozag
Kikubaaqudgha
Makhleb
Okawaru
Qazlal
Ru
Sif Muna
Trog
Wu Jian
Xom
Yredelemnul


Innate Abilities, Weirdness & Mutations

You are mostly covered in icy blue scales. (AC +3)
A meltable icy envelope protects you from harm. (AC +4)
A meltable shield of frost defends you. (SH +4)
Spells you cast may paralyse adjacent enemies.
Your mind is acute. (Int +4, Str/Dex -1)


Message History

You hit the two-headed ogre.
The two-headed ogre is almost dead.
You block the two-headed ogre's attack.
The two-headed ogre hits you with a +0 giant club!
You barely miss the two-headed ogre.
The two-headed ogre is almost dead.
You barely miss the two-headed ogre.
The two-headed ogre is almost dead.
The two-headed ogre closely misses you.
The two-headed ogre hits you with a +0 giant club!
* * * LOW HITPOINT WARNING * * *
You closely miss the two-headed ogre.
The two-headed ogre is almost dead.
Throw: 2 throwing nets
Press: ? - help, Q - select action, (/) - cycle Shift-Dir - straight line, f/p - two-headed ogre
Aim: a two-headed ogre, wielding two +0 giant clubs (almost dead, 71% to hit)
You throw a throwing net.
The throwing net hits the two-headed ogre.
The two-headed ogre is caught in the net!
The two-headed ogre is almost dead.
The two-headed ogre struggles against the net.
You barely miss the two-headed ogre.
The two-headed ogre is almost dead.
The two-headed ogre struggles against the net.
You catch the helpless two-headed ogre completely off-guard!
You hit the two-headed ogre but do no damage.
The two-headed ogre is almost dead.
The two-headed ogre struggles against the net.
You catch the helpless two-headed ogre completely off-guard!
You hit the two-headed ogre.
The two-headed ogre is almost dead.
The two-headed ogre struggles against the net.
You hit the two-headed ogre.
The two-headed ogre is almost dead.
The two-headed ogre struggles against the net.
The net rips apart, and the two-headed ogre comes free!
You closely miss the two-headed ogre.
The two-headed ogre is almost dead.
The two-headed ogre hits you with a +0 giant club!!
You die...

##............## #.#
#...# #..............#
#.# ......
#............... #.#
....... #..>...........#
#.. ........
#..............# ..
.........
#..............# ..
##............######....
###..........###.Og.....
# ###########.(.@# ##
######.####
.#######......#
...>......#####
..........# .[........#
..........# #.........#
#.........#


You could see a two-headed ogre and a goblin.

Vanquished Creatures
  Pikel (D:4)
  Menkaure (D:4)
  A black bear (D:4)
  3 lemures (D:4)
  2 scorpions (D:4)
  A jelly (D:4)
  A hound (D:3)
  2 sleepcaps
  3 adders
  A gnoll (D:4)
  A dart slug (D:2)
  2 ribbon worms (D:2)
  5 orcs
  12 endoplasms
  4 giant cockroaches
  5 goblins
  10 hobgoblins
  3 quokkas (D:4)
  5 ball pythons
  2 bats
  4 kobolds
  3 rats
72 creatures vanquished.

Notes
Turn   | Place    | Note
-------+----------+-------------------------------------------
     0 | D:1      | Meejax the Demonspawn Gladiator began the quest for the
                  | Orb.
     0 | D:1      | Reached XP level 1. HP: 16/16 MP: 1/1
   261 | D:1      | Gained mutation: A meltable shield of frost defends you.
                  | (SH +4) [demonic ancestry]
   261 | D:1      | Reached XP level 2. HP: 22/22 MP: 2/2
   462 | D:1      | Reached skill level 3 in Unarmed Combat
   863 | D:2      | Gained mutation: You are partially covered in icy blue
                  | scales. (AC +2) [demonic ancestry]
   863 | D:2      | Reached XP level 3. HP: 24/24 MP: 3/3
  2255 | D:4      | Noticed a black bear
  2268 | D:4      | Noticed a lemure
  2268 | D:4      | Noticed a lemure
  2268 | D:4      | Noticed a lemure
  2269 | D:4      | Noticed a scorpion
  2269 | D:4      | Noticed Pikel
  2270 | D:4      | Noticed a scorpion
  2277 | D:4      | Killed a lemure
  2279 | D:4      | Reached skill level 1 in Armour
  2279 | D:4      | Reached XP level 4. HP: 24/33 MP: 4/4
  2279 | D:4      | Killed a lemure
  2279 | D:4      | Killed a scorpion
  2280 | D:4      | Reached skill level 4 in Unarmed Combat
  2280 | D:4      | Killed a lemure
  2284 | D:4      | Killed Pikel
  2285 | D:4      | Reached skill level 1 in Stealth
  2285 | D:4      | Reached skill level 1 in Shields
  2285 | D:4      | Reached skill level 5 in Unarmed Combat
  2285 | D:4      | Gained mutation: You are mostly covered in icy blue scales.
                  | (AC +3) [demonic ancestry]
  2285 | D:4      | Reached XP level 5. HP: 29/38 MP: 5/5
  2285 | D:4      | Gained mutation: Spells you cast may paralyse adjacent
                  | enemies. [demonic ancestry]
  2285 | D:4      | Reached XP level 6. HP: 34/44 MP: 6/6
  2285 | D:4      | Gained mutation: A meltable icy envelope protects you from
                  | harm. (AC +4) [demonic ancestry]
  2285 | D:4      | Reached XP level 7. HP: 38/50 MP: 7/7
  2292 | D:4      | Reached skill level 6 in Unarmed Combat
  2475 | D:4      | Gained mutation: Your mind is acute. (Int +4, Str/Dex -1)
                  | [potion of mutation]
  2594 | D:4      | Noticed Menkaure
  2604 | D:4      | Killed Menkaure
  2610 | D:4      | Found a staircase to the Ecumenical Temple.
  2640 | Temple   | Entered the Ecumenical Temple
  2893 | Temple   | Became a worshipper of Sif Muna the Loreminder
  3255 | D:4      | Reached XP level 8. HP: 56/56 MP: 8/8
  3340 | D:4      | Noticed a two-headed ogre
  3368 | D:4      | Slain by a two-headed ogre

Illustrated notes

Levels and vault maps discovered:
D:1:      spicycebolla_arrival_ecumenical, layout_basic, minmay_unequal
D:2:      layout_rooms
D:3:      layout_loops_ring
D:4:      layout_rooms, minmay_temple_entry_water_ring,
          minmay_fractal_squares_diagonal_5, uniq_pikel, uniq_sigmund,
          uniq_menkaure
Temple:   minmay_crystal_spiral_temple

Skill      XL: |  1  2  3  4  5  6  7 |
---------------+----------------------+-----
Dodging        | 3 4 |  4.0
Unarmed Combat | 3 5 6 |  6.9
Armour         | 1 2 |  2.8
Stealth        | 1 |  1.3
Shields        | 1 2 |  2.5
Fighting       | |  2.0
Throwing       | |  1.8

Action                     |  1- 3 |  4- 6 |  7- 9 || total
---------------------------+-------+-------+-------++-------
  Melee: Unarmed           |   150 |     6 |   126 ||   282
         Punch             |     4 |       |    11 ||    15
  Throw: Throwing net      |       |       |     3 ||     3
    Use: Potion            |     4 |       |     1 ||     5
         Scroll            |     3 |       |     5 ||     8
   Stab: Sleeping          |     2 |       |       ||     2
         Held in net/web   |       |       |     5 ||     5
 Armour: Leather armour    |    62 |       |    52 ||   114
         Skin              |    11 |    13 |    18 ||    42
  Dodge: Dodged            |    84 |     2 |    46 ||   132
  Block: Other             |    54 |     4 |    45 ||   103
         Reflection        |     3 |       |     3 ||     6

Table legend: (Time is in decaauts)
 A = Elapsed time spent in this place.
 B = Non-inter-level travel time spent in this place.
 C = Inter-level travel time spent in this place.
 D = Time resting spent in this place.
 E = Time spent auto-exploring this place.
 F = Levels seen in this place.
 G = Mean time per level.
                   A        B        C        D        E       F      G
               +--------+--------+--------+--------+--------+-----+--------+
         Total |   3363 |   3098 |    265 |    176 |   1979 |   5 |  672.6 |
       Dungeon |   3090 |   2843 |    247 |    176 |   1921 |   4 |  772.5 |
        Temple |    272 |    254 |     18 |      0 |     58 |   1 |  272.0 |
               +--------+--------+--------+--------+--------+-----+--------+

Top non-repeatable levels by time:
     D:1: 913 daAuts
     D:3: 784 daAuts
     D:4: 738 daAuts
     D:2: 654 daAuts
  Temple: 272 daAuts
